 Dungeon Crawl Stone Soup version 0.31-a0-879-g1609e0ac53 (webtiles) character file.

Game seed: 947023706605467498

142 Lugonue the Cutter (level 5, -4/30 HPs)
             Began as a Vampire Gladiator on Oct 14, 2023.
             Was an Initiate of Gozag.
             Slain by Robin
             ... wielding a +0 bardiche
              (11 damage)
             ... on level 3 of the Dungeon.
             The game lasted 00:05:06 (2149 turns).

Lugonue the Cutter (Vampire Gladiator)              Turns: 2149, Time: 00:05:06

Health: -4/30      AC:  6    Str: 13    XL:     5   Next: 3%
Magic:  5/5        EV: 13    Int: 13    God:    Gozag
Gold:   125        SH:  0    Dex: 15    Spells: 4/4 levels left

rFire   . . .        a - +1 rapier
rCold   + + .        (no shield)
rNeg    + + +        b - +0 leather armour
rPois   ∞            c - +1 helmet
rElec   .            m - +0 cloak
rCorr   .            (no gloves)
SInv    +            (no boots)
Will    .....        j - amulet of the acrobat
Stlth   ++++         (no ring)
HPRegen 0.00/turn    (no ring)
MPRegen 0.09/turn

%: acrobat
@: bloodless, inhibited regen
A: bloodless, fangs 3, see invisible, vampiric 2
a: Bat Form, Revivify, Renounce Religion, Potion Petition, Call Merchant, Bribe
Branch


You were on level 3 of the Dungeon.
You worshipped Gozag.
Gozag was aware of your devotion.
You visited 1 branch of the dungeon, and saw 3 of its levels.

You collected 178 gold pieces.
You paid 53 gold pieces to Gozag.

Inventory:

Hand Weapons
 a - a +1 rapier (weapon)
Missiles
 d - 3 throwing nets (quivered)
 e - a javelin
Armour
 b - a +0 leather armour (worn)
 c - a +1 helmet (worn)
 m - a +0 cloak (worn)
Jewellery
 j - an amulet of the acrobat (around neck)
Scrolls
 h - a scroll of enchant armour
 i - 2 scrolls of identify
 l - 3 scrolls of enchant weapon
 o - a scroll of immolation
Potions
 g - 3 potions of might
 k - a potion of lignification {unknown}
 n - a potion of haste


   Skills:
 * Level 2.3 Fighting
 + Level 4.7 Short Blades
 + Level 1.6 Throwing
 + Level 1.0 Armour
 + Level 4.1 Dodging
 * Level 2.2 Stealth


You had 4 spell levels left.
You didn't know any spells.
Your spell library contained the following spells:

 Spells                   Type           Power      Damage    Failure   Level
 Magic Dart               Conj           0%         1d3       36%         1
 Ensorcelled Hibernation  Hex/Ice        0%         N/A       52%         2
 Jinxbite                 Hex            0%         N/A       52%         2
 Searing Ray              Conj           0%         2d4       52%         2
 Anguish                  Hex/Necr       0%         N/A       98%         4
 Fulminant Prism          Conj/Hex       0%         3d5       98%         4


Dungeon Overview and Level Annotations

Branches:
Dungeon (3/15)

Altars:
Cheibriados
Gozag

Annotations:
D:3 Robin


Innate Abilities, Weirdness & Mutations

You do not regenerate when monsters are visible.
You are frail without blood (-20% HP).
You can heal yourself when you bite living creatures.
You are immune to poison.
You have razor-sharp teeth.
You have supernaturally acute eyesight. (SInv)
You are afflicted with vampirism and can become a bat while bloodless.


Message History

You kill the hobgoblin!
The rat closely misses you. The rat closely misses you.
The hobgoblin attacks as it pursues you!
The hobgoblin completely misses you. Robin attacks as they pursues you!
Robin misses you.
The hobgoblin no longer looks unusually strong.
The rat closely misses you.
The hobgoblin attacks as it pursues you!
The hobgoblin closely misses you. Robin attacks as they pursues you!
Robin misses you. The rat attacks as it pursues you!
The rat closely misses you.
Found a +0 club.
Robin is distracted by your dazzling golden aura.
Found a scroll labelled RELYF NUEBBU.
You barely miss the rat.
Robin shouts!
Your bite misses the rat. The rat bites you but does no damage.
You hit the rat.
You kill the rat!
Robin roars a battlecry!
The hobgoblin goes into a battle-frenzy!
You hit the hobgoblin.
You kill the hobgoblin!
Robin completely misses you.
You closely miss Robin.
Robin is moderately wounded.
Robin hits you with a +0 bardiche.
You hit Robin.
Robin is heavily wounded.
You hit Robin. Your bite misses Robin.
Robin is almost dead.
Robin hits you with a +0 bardiche!
* * * LOW HITPOINT WARNING * * *
You closely miss Robin. Your bite misses Robin.
Robin is almost dead.
Robin hits you with a +0 bardiche!
You die...
Robin calls out, "Let's celebrate!
Time for a feast!"
Your body crumbles into a pile of gold.

..... #[.....# .....
#......# . ....).
#......# ###
........##......#######..
........#..$.....<......#
...............)####$....
..........##....$........
#.....###g###.###........
#.......@##.....####.....
#.#......#.8...8.# #.....
#........#.......###.....
#............_...†...####
#.......##.......#)..#
#.......##.8...8.#...####
#.......###.....##...##..
#?......# ###.###....##..
##........##..


You could see Robin.

Vanquished Creatures
  Terence (D:3)
  An adder (D:2)
  3 worms
  4 dart slugs
  4 orcs (D:3)
  4 ball pythons
  7 bats
  10 endoplasms
  4 giant cockroaches (D:1)
  9 hobgoblins
  4 jackals (D:1)
  2 kobolds
  2 quokkas
  6 frilled lizards
  11 goblins
  5 rats
77 creatures vanquished.

Notes
Turn   | Place    | Note
-------+----------+-------------------------------------------
     0 | D:1      | Lugonue the Vampire Gladiator began the quest for the Orb.
     0 | D:1      | Reached XP level 1. HP: 16/16 MP: 1/1
   166 | D:1      | Reached XP level 2. HP: 22/22 MP: 2/2
   273 | D:1      | Gained mutation: You are afflicted with vampirism and can
                  | become a bat while bloodless. [Vampire growth]
   273 | D:1      | Reached XP level 3. HP: 26/27 MP: 3/3
   986 | D:2      | Reached skill level 1 in Stealth
   986 | D:2      | Reached XP level 4. HP: 23/26 MP: 4/4
  1494 | D:3      | Found a snail-covered altar of Cheibriados.
  1554 | D:3      | Noticed Robin
  1913 | D:3      | Found an opulent altar of Gozag.
  1914 | D:3      | Noticed Terence
  1936 | D:3      | Killed Terence
  1937 | D:3      | Reached skill level 1 in Armour
  1949 | D:3      | Became a worshipper of Gozag Ym Sagoz the Greedy
  2108 | D:3      | Reached XP level 5. HP: 28/30 MP: 5/5
  2149 | D:3      | Slain by Robin

Illustrated notes

Levels and vault maps discovered:
D:1:      dpeg_arrival_renting, layout_basic, minmay_three_crescents
D:2:      layout_loops_ring
D:3:      layout_rooms, grunt_gozag_statues, overflow_temple_1_default,
          shapermc_ecumenical_altar_petra, nicolae_titane,
          uniq_crazy_yiuf_cottage, uniq_terence, uniq_robin

Skill      XL: |  1  2  3  4 |
---------------+-------------+-----
Short Blades   | 4 |  4.7
Dodging        | 4 |  4.1
Fighting       | 2 |  2.3
Stealth        | 1 2 |  2.2
Armour         | 1 |  1.0
Throwing       | |  1.6

Action                     |  1- 3 |  4- 6 || total
---------------------------+-------+-------++-------
  Melee: Rapier            |   128 |    89 ||   217
         Bite              |    13 |     9 ||    22
         Punch             |     1 |       ||     1
Ability: Exsanguinate      |     1 |       ||     1
    Use: Scroll            |       |     7 ||     7
         Potion            |       |     2 ||     2
   Stab: Sleeping          |     3 |     2 ||     5
 Armour: Leather armour    |    51 |    52 ||   103
  Dodge: Dodged            |   101 |    75 ||   176

Table legend: (Time is in decaauts)
 A = Elapsed time spent in this place.
 B = Non-inter-level travel time spent in this place.
 C = Inter-level travel time spent in this place.
 D = Time resting spent in this place.
 E = Time spent auto-exploring this place.
 F = Levels seen in this place.
 G = Mean time per level.
                   A        B        C        D        E       F      G
               +--------+--------+--------+--------+--------+-----+--------+
         Total |   2134 |   2055 |     79 |    286 |   1153 |   3 |  711.3 |
       Dungeon |   2134 |   2055 |     79 |    286 |   1153 |   3 |  711.3 |
               +--------+--------+--------+--------+--------+-----+--------+

Top non-repeatable levels by time:
     D:2: 995 daAuts
     D:1: 678 daAuts
     D:3: 461 daAuts
